 Dungeon Crawl Stone Soup version 0.31.0-11-ge490571c62 (webtiles) character file.

Game seed: 8916617719415762745

67 Killerpretzel the Changeling (level 4, -2/29 HPs)
             Began as an Octopode Shapeshifter on Feb 9, 2024.
             Incinerated by a bombardier beetle (5 damage)
             ... with a burning spray
             ... on level 3 of the Dungeon.
             The game lasted 00:03:01 (1453 turns).

Killerpretzel the Changeling (OpSh)                 Turns: 1453, Time: 00:03:01

Health: -2/29      AC:  1    Str: 13    XL:     4   Next: 16%
Magic:  4/4        EV:  7    Int: 12    God:
Gold:   173        SH:  0    Dex: 13    Spells: 3/3 levels left

rFire   . . .        m - +1 sling (freeze)
rCold   . . .        (no shield)
rNeg    . . .        (helmet currently unavailable)
rPois   .            (no amulet)
rElec   .            (no ring)
rCorr   .            (no ring)
SInv    .            (no ring)
Will    .....        (no ring)
Stlth   +            (no ring)
HPRegen 0.24/turn    (no ring)
MPRegen 0.09/turn    (no ring)
                     (no ring)

%: no passive effects
@: on fire, beast-form, held, glowing
A: beast (slay +2), almost no armour, amphibious, 8 rings, camouflage 1,
gelatinous body 1, (nimble swimmer 1), tentacles
a: Begin Untransformation


You were on level 3 of the Dungeon.
You were a hulking beast.
You visited 1 branch of the dungeon, and saw 3 of its levels.

You collected 173 gold pieces.

Inventory:

Hand Weapons
 h - a +0 dagger
 m - a +1 sling of freezing (weapon)
Jewellery
 l - a +6 ring of intelligence
Talismans
 b - a beast talisman
 c - a flux talisman
Scrolls
 d - a scroll of revelation {unknown}
 e - a scroll of amnesia {unknown}
 i - a scroll of identify
 k - a scroll of silence {unknown}
Potions
 a - 2 potions of lignification
 f - a potion of curing
 g - a potion of magic {unknown}
 j - a potion of might {unknown}
 n - a potion of berserk rage {unknown}


   Skills:
 + Level 1.8 Fighting
 + Level 2.6 Dodging
 + Level 3.4 Unarmed Combat
 * Level 3.7 Shapeshifting


You had 3 spell levels left.
You didn't know any spells.
Your spell library contained the following spells:

 Spells                   Type           Power      Damage    Failure   Level
 Apportation              Tloc           0%         N/A       32%         1
 Necrotise                Necr           0%         1d4       32%         1
 Sting                    Conj/Alch      0%         1d3       32%         1
 Summon Small Mammal      Summ           0%         N/A       32%         1


Dungeon Overview and Level Annotations

Branches:
Dungeon (3/15)

Altars:

Shops:
D:1 [


Innate Abilities, Weirdness & Mutations

You are a hulking beast.
Your limbs bulge with bestial killing power. (Slay +2)
You cannot wear most types of armour.
You are amphibious.
You can wear up to eight rings at the same time.
Your skin changes colour to match your surroundings (Stealth+).
Your rubbery body absorbs attacks. (AC +1, EV +1)
((You are camouflaged when in or above water. (Stealth+)))
You have tentacles for arms and can constrict up to eight enemies at once.


Message History

You are too injured to fight recklessly!
You are too injured to fight recklessly!
You are too injured to fight recklessly!
You are too injured to fight recklessly!
You are too injured to fight recklessly!
You are too injured to fight recklessly!
You are too injured to fight recklessly!
You are on fire!
You shake off some of the fire as you move.
The liquid fire burns you!
* * * LOW HITPOINT WARNING * * *
You shake off the liquid fire.
You are too injured to fight recklessly!
You are too injured to fight recklessly!
You are too injured to fight recklessly!
You are too injured to fight recklessly!
You are too injured to fight recklessly!
You are too injured to fight recklessly!
You are too injured to fight recklessly!
You are too injured to fight recklessly!
You are too injured to fight recklessly!
You are too injured to fight recklessly!
A bombardier beetle is nearby!
The bombardier beetle sprays incendiary fluid at you.
The burning spray hits you.
You are covered in liquid fire!
A gnoll comes into view.
It is wielding a +0 spear and quivering a throwing net.
You shake off some of the fire as you move.
The liquid fire burns you!
* * * LOW HITPOINT WARNING * * *
You shake off some of the fire as you move.
The liquid fire burns you!
* * * LOW HITPOINT WARNING * * *
The gnoll shouts!
The gnoll throws a throwing net.
The throwing net hits you.
You become entangled in the net!
You see here a throwing net.
You tear a large gash into the net.
The liquid fire burns you!
You die...

########## ##
.........#
...#######.# #. #.#
#..######.##########
#.....#.....h.....[#
#..##..B#.########g#
# ##.##.#####
#P.P#<....#
#≈.≈#####.# ≈≈.≈≈
≈≈≈.≈≈≈ .........
.P≈≈≈†≈≈≈P#


You could see a bombardier beetle and a gnoll.

Vanquished Creatures
  3 adders (D:2)
  7 bats
  3 endoplasms
  2 giant cockroaches (D:1)
  5 goblins
  6 hobgoblins
  3 quokkas
  5 ball pythons
  2 frilled lizards
  A kobold (D:2)
37 creatures vanquished.

Notes
Turn   | Place    | Note
-------+----------+-------------------------------------------
     0 | D:1      | Killerpretzel the Octopode Shapeshifter began the quest for
                  | the Orb.
     0 | D:1      | Reached XP level 1. HP: 13/13 MP: 1/1
    45 | D:1      | Found Ben Keiq's Armour Shoppe.
    87 | D:1      | Reached XP level 2. HP: 13/18 MP: 2/2
   850 | D:2      | Reached XP level 3. HP: 13/23 MP: 3/3
  1107 | D:2      | Reached XP level 4. HP: 29/29 MP: 4/4
  1453 | D:3      | Incinerated by a bombardier beetle

Illustrated notes

Levels and vault maps discovered:
D:1:      minmay_arrival_doors, layout_loops_ring, serial_shops, shop
D:2:      layout_rooms, minmay_circle_x
D:3:      layout_loops_ring, nicolae_ecumenical_snake_handling,
          dreamdust_princess_bridge, lemuel_flame_loot_1, uniq_robin

Action                     |  1- 3 |  4- 6 || total
---------------------------+-------+-------++-------
  Melee: Unarmed           |    45 |       ||    45
         Constrict         |    14 |     4 ||    18
         Tentacles         |     7 |     2 ||     9
         Dagger            |    23 |    12 ||    35
         Punch             |     1 |       ||     1
   Fire: Sling             |       |     5 ||     5
    Use: Scroll            |     2 |       ||     2
   Stab: Sleeping          |     4 |     1 ||     5
 Armour: Skin              |    34 |    10 ||    44
  Dodge: Dodged            |    59 |     3 ||    62
